 Dungeon Crawl Stone Soup version 0.21.1-1-g345015fe64 (webtiles) character file.

174 HenkB the Shooter (level 5, 45/45 HPs)
             Began as a Centaur Hunter on July 29, 2018.
             Quit the game in the Ecumenical Temple.
             The game lasted 00:09:25 (3211 turns).

HenkB the Shooter (Centaur Hunter)                  Turns: 3211, Time: 00:09:26

Health: 45/45      AC:  4    Str: 16    XL:     5   Next: 28%
Magic:  5/5        EV:  9    Int: 10    God:
Gold:   200        SH:  0    Dex:  9    Spells: 4/4 levels left

rFire    . . .     SeeInvis .     - Unarmed
rCold    . . .     Gourm    .   (no shield)
rNeg     . . .     Faith    .   c - +0 leather armour
rPois    .         Spirit   .   (no helmet)
rElec    .         Reflect  .   (no cloak)
rCorr    .         Harm     .   (no gloves)
MR       .....                  (no barding)
Stlth    +.........             (no amulet)
HPRegen  0.15/turn              (no ring)
MPRegen  0.09/turn              (no ring)

@: very quick
A: large, hooves 3, deformed body, speed 2, tough skin 3
a: no special abilities


You were in the Ecumenical Temple.
You were very hungry.

You visited 2 branches of the dungeon, and saw 5 of its levels.

You collected 200 gold pieces.

Inventory:

Hand Weapons
 a - a +1 shortbow
Missiles
 d - 9 arrows
 n - 2 tomahawks (quivered)
Armour
 c - a +0 leather armour (worn)
Scrolls
 b - a scroll of identify
 h - a scroll of fear
 j - a scroll of enchant armour {unknown}
 k - a scroll of immolation {unknown}
 m - a scroll of fog {unknown}
Potions
 e - a potion of invisibility
 g - a potion of agility {unknown}
 i - 2 potions of brilliance
 l - a potion of might {unknown}
Comestibles
 f - 8 rations


   Skills:
 + Level 3.2 Fighting
 * Level 7.2 Bows
 - Level 1.3 Dodging
 - Level 0.4 Stealth
 + Level 2.3 Unarmed Combat


You had 4 spell levels left.
You didn't know any spells.

Dungeon Overview and Level Annotations

Branches:
Dungeon (4/15)             Temple (1/1) D:4

Altars:
Ashenzari
Cheibriados
Dithmenos
Elyvilon
Fedhas
Hepliaklqana
Makhleb
Nemelex Xobeh
Ru
Sif Muna
Trog
Uskayaw
Vehumet
Wu Jian
Xom
Yredelemnul
Zin

Annotations:
D:3 Grinder


Innate Abilities, Weirdness & Mutations

You have hooves in place of feet.
Armour fits poorly on your strangely shaped body.
You cover ground very quickly.
You have extremely tough skin. (AC +3)


Message History

Found a deep blue altar of Sif Muna.
Found a bloodstained altar of Trog.
Found a sparkling altar of Nemelex Xobeh and a glowing silver altar of Zin.
Found a shattered altar of Ashenzari.
Found a snail-covered altar of Cheibriados.
Found a burning altar of Makhleb.
Found an ornate altar of the Wu Jian Council.
Found a blossoming altar of Fedhas.
Found a white marble altar of Elyvilon.
Found a hazy altar of Hepliaklqana.
Found a radiant altar of Vehumet.
Found a shadowy altar of Dithmenos.
Found a hide-covered altar of Uskayaw.
Found a shimmering altar of Xom.
You are feeling very hungry.
Done exploring.
Done exploring.
Search for what [? for help]? ok Can't find anything matching that.
Are you sure you want to abandon this character and quit the game? (Confirm with "yes".)

.###..........#....###.....##
..#.................#.......#
..#.._.....#....._..#.._...##
..#.......###.......#.....#.#
.###....####.##....###...#..#
#####..## ###.#..#####.#####
.#.#....### ###....#.#...##
..........###.............#
.....#.._..#.._.@#.......##
....#.#...###...#.#.....##
...#...#.###.#.#...#...##
########## ######.###### ###


There were no monsters in sight!

Vanquished Creatures
  A hound (D:3)
  A worker ant (D:3)
  4 adders
  2 oozes
  A worm (D:3)
  3 dart slugs
  A leopard gecko (D:2)
  6 orcs
  2 giant cockroaches (D:1)
  4 goblins
  10 hobgoblins
  6 jackals (D:3)
  2 kobolds (D:1)
  A ball python (D:3)
  4 bats (D:1)
  5 frilled lizards
  8 rats
61 creatures vanquished.

Notes
Turn   | Place    | Note
-------+----------+-------------------------------------------
     0 | D:1      | HenkB the Centaur Hunter began the quest for the Orb.
     0 | D:1      | Reached XP level 1. HP: 17/17 MP: 1/1
   212 | D:1      | Reached XP level 2. HP: 24/24 MP: 2/2
   337 | D:1      | Reached skill level 1 in Unarmed Combat
   368 | D:1      | Reached skill level 6 in Bows
   459 | D:1      | Reached XP level 3. HP: 29/30 MP: 3/3
  1391 | D:2      | Found a sacrificial altar of Ru.
  1921 | D:3      | Reached XP level 4. HP: 32/37 MP: 4/4
  2507 | D:3      | Noticed Grinder
  2667 | D:3      | Reached skill level 7 in Bows
  2772 | D:3      | Reached XP level 5. HP: 45/45 MP: 5/5
  3082 | D:4      | Found a staircase to the Ecumenical Temple.
  3088 | Temple   | Entered the Ecumenical Temple
  3211 | Temple   | Quit the game

Skill      XL: |  1  2  3  4 |
---------------+-------------+-----
Unarmed Combat | 1 2 |  2.3
Bows           | 6 7 |  7.2
Fighting       | 3 |  3.2
Dodging        | |  1.3
Stealth        | |  0.4

Action                   |  1- 3 |  4- 6 || total
-------------------------+-------+-------++-------
Melee: Unarmed           |    77 |    38 ||   115
       Kick              |    18 |     9 ||    27
 Fire: Shortbow          |    40 |    42 ||    82
  Use: Scroll            |     2 |     1 ||     3
  Eat: Chunk             |     2 |     2 ||     4
Armor: Leather armour    |    13 |    10 ||    23
Dodge: Dodged            |    36 |    34 ||    70
